 Dungeon Crawl Stone Soup version 0.23.2-1-ga50397a (webtiles) character file.

Game seed: 7503679360892870626

1274 hubba the Insei (level 8, -24/51 HPs)
             Began as an Octopode Transmuter on June 2, 2019.
             Annihilated by a two-headed ogre
             ... wielding a +0 giant spiked club
              (36 damage)
             ... on level 6 of the Dungeon.
             The game lasted 00:13:15 (5866 turns).

hubba the Insei (Octopode Transmuter)               Turns: 5866, Time: 00:13:16

Health: -24/51     AC:  1    Str:  9    XL:     8   Next: 53%
Magic:  9/13       EV: 14    Int: 15    God:
Gold:   317        SH:  0    Dex: 15    Spells: 4/14 levels left

rFire    . . .     SeeInvis .     - Unarmed
rCold    . . .     Gourm    .   (no shield)
rNeg     . . .     Faith    .   (helmet restricted)
rPois    .         Spirit   .   (no amulet)
rElec    .         Reflect  .   e - +3 ring of slaying
rCorr    .         Harm     .   (no ring)
MR       .....                  (no ring)
Stlth    +++.......             (no ring)
HPRegen  0.17/turn              (no ring)
MPRegen  0.13/turn              (no ring)
                                (no ring)
                                (no ring)

@: very slightly contaminated
A: almost no armour, stealthy swim, amphibious, 8 rings, constrict 8, camouflage
1, gelatinous body 1
a: no special abilities


You were on level 6 of the Dungeon.
You were hungry.

You visited 1 branch of the dungeon, and saw 6 of its levels.

You collected 317 gold pieces.

Inventory:

Hand Weapons
 r - a +2 short sword of electrocution
Missiles
 a - 86 arrows
 q - a throwing net (quivered)
Jewellery
 e - a +3 ring of slaying (left tentacle)
 i - an uncursed amulet of regeneration
Wands
 t - a wand of iceblast (10)
Scrolls
 d - 3 scrolls of enchant weapon
 g - 2 scrolls of enchant armour
 k - a scroll of random uselessness
 l - a scroll of amnesia {unknown}
 n - a scroll of fog
 o - a scroll of remove curse
 p - 3 scrolls of teleportation {unknown}
 s - a scroll of magic mapping {unknown}
Potions
 f - a potion of heal wounds
 j - 5 potions of brilliance
Comestibles
 b - 4 chunks of flesh
 c - 8 rations


   Skills:
 + Level 2.6 Fighting
 - Level 2.1 Dodging
 - Level 0.9 Stealth
 + Level 7.0 Unarmed Combat
 + Level 3.6 Spellcasting
 * Level 4.7 Transmutations
 * Level 2.3 Ice Magic
 - Level 4.0 Poison Magic


You had 4 spell levels left.
You knew the following spells:

 Your Spells              Type           Power        Failure   Level  Hunger
a - Beastly Appendage     Tmut           ###...       2%          1    None
b - Sticks to Snakes      Tmut           ###.....     4%          2    ##.....
c - Spider Form           Tmut/Pois      ###.......   10%         3    ###....
d - Ice Form              Ice/Tmut       ##......     41%         4    ####...

Your spell library contained the following spells:

 Spells                   Type           Power        Failure   Level  Hunger
 Blade Hands              Tmut           ###.......   58%         5    ######.


Dungeon Overview and Level Annotations

Branches:
Dungeon (6/15)
 Temple: D:4-7

Altars:
Nemelex Xobeh
Uskayaw
Wu Jian
Zin

Annotations:
D:1 exclusion: downstairs
D:4 exclusion: downstairs


Innate Abilities, Weirdness & Mutations

You cannot wear most types of armour.
You are very stealthy in the water. (Stealth+)
You are amphibious.
You can wear up to eight rings at the same time.
You can use your tentacles to constrict eight enemies at once.
Your skin changes colour to match your surroundings (Stealth+).
Your rubbery body absorbs attacks. (AC +1, EV +1)


Message History

The two-headed ogre shouts in stereo!
The centaur wields a +0 shortbow.
The centaur shoots an arrow.
The arrow hits you!
A bullfrog comes into view.
The bullfrog gives a loud, deep croak! x2
The centaur unwields a +0 shortbow.
The centaur hits you! x2
Okay, then.
The centaur hits you. The bullfrog hits you.
* * * LOW HITPOINT WARNING * * *
Casting: Beastly Appendage (safe; 2% risk of failure)
Confirm with . or Enter, or press ? or * to list all spells.
You miscast Ice Form.
You are very lightly contaminated with residual magic.
Waves of light ripple over your body.
You are feeling hungry.
The centaur hits you.
* * * LOW HITPOINT WARNING * * *
The two-headed ogre hits you with a +0 giant spiked club!!!
Ouch! That really hurt!
You die...

..##. ..............#..
..... ...##......#. ....
#.... #...?.....###..#
..... #>............#
.#### . #............##
...##.###.............##
..###..............F....
...#...#........OF......
......###..%....@c.....#
......####.............#
.รท...###.....##.........
#.....##..#.####........
.....#...##..# ......#..
........###........### .
.....##.######.....#
.........# .....#
...........# ..


You could see a two-headed ogre, 2 bullfrogs and a centaur.

Vanquished Creatures
  A hippogriff (D:4)
  2 phantoms
  A necrophage (D:6)
  An ogre (D:5)
  A centaur (D:5)
  A bullfrog (D:4)
  2 crimson imps
  A hound (D:6)
  2 orc priests
  2 orc wizards (D:5)
  2 bullfrog skeletons (D:5)
  An iguana (D:6)
  4 worker ants (D:5)
  10 adders
  3 gnolls (D:2)
  2 shadow imps
  An ooze (D:1)
  An adder skeleton (D:4)
  An adder zombie (D:5)
  4 worms
  A dart slug (D:3)
  5 leopard geckos
  6 orcs
  7 bats
  7 giant cockroaches
  6 goblins
  5 hobgoblins
  4 jackals (D:2)
  A quokka (D:4)
  2 ball pythons
  A frilled lizard (D:3)
  5 kobolds
  2 leopard gecko skeletons
  A leopard gecko zombie (D:5)
  A quokka skeleton (D:4)
  A quokka zombie (D:5)
  6 rats
104 creatures vanquished.

Notes
Turn   | Place    | Note
-------+----------+-------------------------------------------
     0 | D:1      | hubba the Octopode Transmuter began the quest for the Orb.
     0 | D:1      | Reached XP level 1. HP: 13/13 MP: 3/3
    95 | D:1      | Reached XP level 2. HP: 3/18 MP: 5/5
   101 | D:1      | Learned a level 2 spell: Sticks to Snakes
   870 | D:1      | Reached XP level 3. HP: 23/23 MP: 6/6
  1017 | D:2      | Learned a level 3 spell: Spider Form
  1540 | D:2      | Reached skill level 4 in Unarmed Combat
  1540 | D:2      | Reached XP level 4. HP: 28/28 MP: 5/7
  1994 | D:2      | Reached skill level 1 in Poison Magic
  2219 | D:2      | Found a hide-covered altar of Uskayaw.
  2219 | D:2      | Found an ornate altar of the Wu Jian Council.
  2460 | D:3      | Reached XP level 5. HP: 31/33 MP: 6/8
  3256 | D:4      | Reached XP level 6. HP: 34/39 MP: 5/10
  3263 | D:4      | Reached skill level 5 in Unarmed Combat
  3641 | D:4      | Found a glowing silver altar of Zin.
  3672 | D:4      | Found a sparkling altar of Nemelex Xobeh.
  3712 | D:5      | Entered Level 5 of the Dungeon
  3720 | D:5      | Noticed a hippogriff
  3996 | D:4      | Killed a hippogriff
  3996 | D:4      | Reached XP level 7. HP: 36/45 MP: 8/11
  4026 | D:4      | Learned a level 4 spell: Ice Form
  4442 | D:5      | Reached skill level 1 in Ice Magic
  4467 | D:4      | Reached skill level 6 in Unarmed Combat
  4994 | D:5      | Reached XP level 8. HP: 47/51 MP: 8/13
  5850 | D:6      | Reached skill level 7 in Unarmed Combat
  5861 | D:6      | Noticed a two-headed ogre
  5866 | D:6      | Annihilated by a two-headed ogre

Skill      XL: |  1  2  3  4  5  6  7  8 |
---------------+-------------------------+-----
Unarmed Combat | 4 5 6 7 |  7.0
Poison Magic   | 1 2 3 4 |  4.0
Transmutations | 3 4 |  4.7
Fighting       | 2 |  2.6
Spellcasting   | 3 |  3.6
Ice Magic      | 1 2 |  2.3
Dodging        | |  2.1
Stealth        | |  0.9

Action                   |  1- 3 |  4- 6 |  7- 9 || total
-------------------------+-------+-------+-------++-------
Melee: Unarmed           |    62 |    91 |    96 ||   249
       Constrict         |    21 |    15 |    14 ||    50
       Tentacles         |     9 |     9 |     9 ||    27
       Punch             |     3 |     2 |     2 ||     7
       Kick              |     2 |     5 |     9 ||    16
 Cast: Beastly Appendage |     4 |    11 |     8 ||    23
       Spider Form       |       |     5 |     5 ||    10
       Ice Form          |       |       |     2 ||     2
  Use: Scroll            |       |       |     8 ||     8
 Stab: Sleeping          |     3 |     6 |     1 ||    10
       Distracted        |     1 |       |       ||     1
  Eat: Chunk             |     2 |     7 |     5 ||    14
       Ration            |       |       |     1 ||     1
Armor: Skin              |     5 |     8 |     3 ||    16
Dodge: Dodged            |    41 |    87 |    50 ||   178
